 Dungeon Crawl Stone Soup version 0.30-a0-1157-g2cc9ac7196 (webtiles) character file.

Game seed: 17331035808418899471

192 iamoutofideas the Chopper (level 5, 0/47 HPs)
             Began as a Hill Orc Monk on Apr 24, 2023.
             Was an Initiate of Gozag.
             Killed from afar by a steam dragon (15 damage)
             ... with a ball of steam
             ... on level 5 of the Dungeon.
             The game lasted 00:03:51 (3077 turns).

iamoutofideas the Chopper (Hill Orc Monk)           Turns: 3077, Time: 00:03:51

Health: 0/47       AC: 12    Str: 16    XL:     5   Next: 71%
Magic:  5/5        EV: 11    Int: 10    God:    Gozag
Gold:   378        SH:  0    Dex: 13    Spells: 2/4 levels left

rFire   . . .        a - +0 hand axe
rCold   . . .        b - orb {light}
rNeg    + . .        p - quicksilver dragon scales
rPois   .            k - +2 helmet
rElec   .            (no cloak)
rCorr   .            (no gloves)
SInv    .            (no boots)
Will    +....        (no amulet)
Stlth   +            i - ring of positive energy
HPRegen 0.27/turn    (no ring)
MPRegen 0.09/turn

%: no passive effects
@: gold aura, glowing
A: no striking features
a: Renounce Religion, Potion Petition, Call Merchant, Bribe Branch


You were on level 5 of the Dungeon.
You worshipped Gozag.
Gozag was aware of your devotion.
You visited 1 branch of the dungeon, and saw 5 of its levels.

You collected 378 gold pieces.

Inventory:

Hand Weapons
 a - a +0 hand axe (weapon)
Armour
 b - an orb of light (worn)
 k - a +2 helmet (worn)
 p - quicksilver dragon scales (worn)
 y - the +2 kite shield of Dyspraxia {rElec SInv}
   (You found it on level 5 of the Dungeon)

   rElec:     It insulates you from electricity.
   SInv:      It lets you see invisible.
Jewellery
 i - a ring of positive energy (left hand)
Wands
 q - a wand of flame (20)
 s - a wand of roots (11)
Scrolls
 e - a scroll of enchant armour
 f - a scroll of teleportation {unknown}
 g - a scroll of blinking
 n - a scroll of brand weapon {unknown}
 o - 2 scrolls of amnesia {unknown}
 t - a scroll of fog {unknown}
 u - a scroll of enchant weapon {unknown}
 v - a scroll of identify
 x - a scroll of torment {unknown}
Potions
 d - 2 potions of attraction {unknown}
 h - a potion of cancellation {unknown}
 j - a potion of mutation
 l - a potion of invisibility {unknown}
 m - 2 potions of curing
 r - 2 potions of haste {unknown}
 w - a potion of lignification {unknown}


   Skills:
 + Level 4.5 Fighting
 * Level 6.2 Axes
 + Level 1.4 Armour
 + Level 3.2 Dodging
 + Level 0.9 Stealth


You had 2 spell levels left.
You knew the following spells:

 Your Spells              Type           Power      Damage    Failure   Level
a - Blink                 Tloc           0%         N/A       71%         2

Your spell library contained the following spells:

 Spells                   Type           Power      Damage    Failure   Level
 Beastly Appendage        Tmut           0%         N/A       56%         1
 Ensorcelled Hibernation  Hex/Ice        0%         N/A       71%         2
 Lesser Beckoning         Tloc           0%         N/A       71%         2
 Momentum Strike          Conj/Tloc      0%         3d8       71%         2
 Passwall                 Tmut/Erth      0%         N/A       71%         2
 Wereblood                Tmut           0%         N/A       71%         2
 Spider Form              Tmut/Pois      0%         N/A       91%         3
 Swiftness                Air            0%         N/A       91%         3


Dungeon Overview and Level Annotations

Branches:
Dungeon (5/15)
 Temple: D:4-7

Altars:
Gozag
Ru


Message History

A steam dragon comes into view.
The jelly hits you.
You are splashed with acid!
* * * LOW HITPOINT WARNING * * *
You are confused.
You feel invigorated.
The steam dragon hisses angrily.
The jelly hits you.
You are splashed with acid!
* * * LOW HITPOINT WARNING * * *
You barely miss the jelly.
The jelly is almost dead.
The jelly hits you.
* * * LOW HITPOINT WARNING * * *
You are splashed with acid!
* * * LOW HITPOINT WARNING * * *
You are too confused!
Unknown command.
Okay, then.
It was a potion of curing.
You feel better.
You feel less invigorated. The steam dragon breathes steam at you.
The ball of steam hits you!
* * * LOW HITPOINT WARNING * * *
The jelly hits you but does no damage.
You hear a shout!
You hear a croak.
You feel better.
You are engulfed in a cloud of scalding steam.
The jelly closely misses you.
You feel better.
You are engulfed in a cloud of scalding steam.
The jelly barely misses you.
Okay, then.
You hit the jelly but do no damage.
Your hands burn!
The jelly is severely wounded.
The jelly is engulfed in a cloud of scalding steam.
The jelly dies!
Your Axes skill increases to level 6!
You hit the steam dragon but do no damage.
The steam dragon breathes steam at you. The ball of steam hits you!
You die...
Your body crumbles into a pile of gold.

$ ## $ #.. #...
###+#### #.$..
##....§.#
#.....##....§§.#
#......<..$@...#
#......##$$D...#
....##. #....).#
... #. #......#
. #. #......# #+
#......#
.......#
.....####


You could see a steam dragon (catching breath).

Vanquished Creatures
  6 adders
  5 worms
  2 dart slugs
  6 orcs (D:3)
  8 endoplasms
  2 giant cockroaches
  8 goblins
  4 hobgoblins
  14 jackals
  6 kobolds
  3 quokkas
  8 ball pythons
  6 bats
  4 frilled lizards
  6 rats
88 creatures vanquished.

Vanquished Creatures (others)
  A jelly (D:5)
  A plant (D:2)
2 creatures vanquished.

Grand Total: 90 creatures vanquished

Notes
Turn   | Place    | Note
-------+----------+-------------------------------------------
     0 | D:1      | iamoutofideas the Hill Orc Monk began the quest for the
                  | Orb.
     0 | D:1      | Reached XP level 1. HP: 19/19 MP: 1/1
   196 | D:1      | Reached XP level 2. HP: 23/27 MP: 2/2
   606 | D:1      | Reached XP level 3. HP: 31/33 MP: 3/3
  1085 | D:2      | Reached skill level 5 in Axes
  1292 | D:2      | Reached XP level 4. HP: 36/40 MP: 4/4
  1400 | D:2      | Found a faded altar of an unknown god.
  1848 | D:2      | Reached XP level 5. HP: 40/47 MP: 5/5
  2164 | D:3      | Reached skill level 1 in Armour
  2167 | D:3      | Learned a level 2 spell: Blink
  2316 | D:3      | Found an opulent altar of Gozag.
  2385 | D:3      | Became a worshipper of Gozag Ym Sagoz the Greedy
  2948 | D:4      | Found a sacrificial altar of Ru.
  3057 | D:5      | Entered Level 5 of the Dungeon
  3060 | D:5      | Identified the +2 kite shield of Dyspraxia {rElec SInv}
  3069 | D:5      | Noticed a steam dragon
  3071 | D:5      | HP: 2/47 [acid (9)]
  3077 | D:5      | Reached skill level 6 in Axes
  3077 | D:5      | Killed from afar by a steam dragon

Illustrated notes

Levels and vault maps discovered:
D:1:      tarquinn_simple_flora_water_f, layout_loops_ring,
          kennysheep_nondescript
D:2:      minmay_chambers_of_twos, layout_loops_corners,
          ebering_ecumenical_altar_abandoned,
          amcnicky_mini_rare_corridor_liquid, corexii_shack
D:3:      layout_basic, grunt_gozag_statues, minmay_between
D:4:      minmay_spotlight, layout_basic, nicolae_ru_awakened_eye,
          minmay_mini_ossuary
D:5:      layout_basic, makhleb_altar_promises_db, yredelemnul_altar_generic,
          nzn_wu_jian_contemplation, minmay_temple_entry_large_hall,
          serial_shops, shop, uniq_duvessa, uniq_eustachio

Skill      XL: |  1  2  3  4  5 |
---------------+----------------+-----
Fighting       | 4 |  4.5
Axes           | 5 6 |  6.2
Dodging        | 3 |  3.2
Armour         | 1 |  1.4
Stealth        | |  0.9

Action                     |  1- 3 |  4- 6 || total
---------------------------+-------+-------++-------
  Melee: Hand axe          |    85 |   156 ||   241
    Use: Scroll            |       |     5 ||     5
         Potion            |       |     4 ||     4
 Armour: Robe              |    10 |       ||    10
         Ring mail         |     8 |       ||     8
         Quicksilver drago |     8 |    78 ||    86
  Dodge: Dodged            |    46 |    98 ||   144

Table legend: (Time is in decaauts)
 A = Elapsed time spent in this place.
 B = Non-inter-level travel time spent in this place.
 C = Inter-level travel time spent in this place.
 D = Time resting spent in this place.
 E = Time spent auto-exploring this place.
 F = Levels seen in this place.
 G = Mean time per level.
                   A        B        C        D        E       F      G
               +--------+--------+--------+--------+--------+-----+--------+
         Total |   3085 |   2881 |    204 |     72 |   2237 |   5 |  617.0 |
       Dungeon |   3085 |   2881 |    204 |     72 |   2237 |   5 |  617.0 |
               +--------+--------+--------+--------+--------+-----+--------+

Top non-repeatable levels by time:
     D:2: 1159 daAuts
     D:1: 1003 daAuts
     D:3: 788 daAuts
     D:4: 114 daAuts
     D:5: 19 daAuts
